Thunder vs Inferno
Created - 29 novembre 2015 at 19:21
Goals
|
| Thunder |
1 |
3 |
2 |
6 |
| Inferno |
1 |
2 |
1 |
4 |
|
Shots
|
| Thunder |
7 |
16 |
10 |
33 |
| Inferno |
9 |
17 |
4 |
30 |
|
1st period
1. Thunder , Pierre-Alexandre Parenteau 10 (David Fischer) at 9:53
2. Inferno , Jonathan Ferland 17 (Mikhail Grabovski, Stephane Veilleux) at 14:18
Penalties :
Yannick Weber (Anc) for Hooking (Minor) at 3:50, Joey Ryan (TRO) for Holding (Minor) at 18:02
2nd period
3. Inferno , Mikhail Grabovski 11 (Stephane Veilleux) at 0:17
4. Thunder , David Clarkson 7 (Matt Martin) at 1:14
5. Inferno , Jonathan Ferland 18 (Stephane Veilleux) at 8:21
6. Thunder , Dany Roussin 8 (Brandon Mashinter) at 9:50
7. Thunder , Tom Pyatt 5 (Adam Hall) at 9:56
Penalties :
No Penalty
3rd period
8. Thunder , Carl Hagelin 7 (Scott Parse) at 4:52
9. Inferno , Jonathan Ferland 19 (Mikhail Grabovski) at 6:01
10. Thunder , Tom Pyatt 6 (Adam Hall) at 10:39 (PP)
Penalties :
Matt Generous (TRO) for Hooking (Minor) at 6:14, Mikhail Grabovski (Anc) for Roughing (Minor) at 10:31, Mikhail Grabovski (Anc) for High sticking (Minor) at 11:19, Cal O'Reilly (Anc) for Interference (Minor) at 13:49
Goalie Stats
Corey Crawford (TRO), 26 saves from 30 shots - (0,867), W, 9-8-1, 60:00 minutes
Josh Harding (Anc), 19 saves from 24 shots - (0,792), L, 9-5-1, 44:52 minutes
Michael Hutchinson (Anc), 8 saves from 9 shots - (0,889), 15:08 minutes
Players Stats for Thunder
Player Name G A P +/- PIM S H SB GA TA FO MP PP MP PK MP
------------------------------------------------------------------------------------
Adam Hall 0 2 2 -2 0 3 0 1 2 1 1/2 21:51 3:26 1:56
Bobby Farnham 0 0 0 0 0 0 0 0 0 0 0/0 1:55 0:02 0:00
Brandon Mashinter 0 1 1 1 0 2 3 1 0 0 3/8 15:47 2:34 0:00
Brett Festerling 0 0 0 2 0 0 1 0 1 0 0/0 18:05 2:26 1:24
Carl Hagelin 1 0 1 1 0 1 0 0 0 0 0/0 5:47 0:00 0:00
Casey Pierro-Zabotel 0 0 0 0 0 0 0 0 0 0 0/0 2:12 0:00 1:04
Colby Cohen 0 0 0 -1 0 0 0 1 0 0 0/0 11:32 0:00 0:00
Dalton Smith 0 0 0 0 0 0 0 0 0 0 0/0 1:08 0:00 0:30
Dany Roussin 1 0 1 1 0 6 2 0 0 0 1/1 17:25 2:37 1:32
David Clarkson 1 0 1 1 0 1 1 0 1 0 0/0 13:35 0:02 0:00
David Fischer 0 1 1 2 0 0 1 2 0 1 0/0 17:47 2:26 1:14
Derek Forbort 0 0 0 0 0 0 0 0 0 1 0/0 1:53 0:00 1:43
Dmitri Orlov 0 0 0 0 0 0 0 0 0 0 0/0 6:39 0:00 0:00
Jannik Hansen 0 0 0 0 0 0 0 0 1 0 1/1 4:23 0:05 0:00
Jesse Blacker 0 0 0 0 0 0 0 0 0 0 0/0 6:39 0:00 0:00
Joey Ryan 0 0 0 0 2 1 0 2 0 1 0/0 22:22 3:39 1:13
Kelly Zajac 0 0 0 1 0 0 0 0 0 0 2/7 12:12 0:00 0:00
Mat Clark 0 0 0 -1 0 0 0 0 0 0 0/0 12:41 0:00 1:01
Matt Generous 0 0 0 0 2 3 0 0 0 0 0/0 23:12 3:39 1:21
Matt Martin 0 1 1 1 0 3 2 0 1 1 0/0 12:12 0:00 0:00
Pierre-Alexandre Parente 1 0 1 1 0 4 4 0 0 0 0/0 16:30 2:37 0:36
Robin Leblanc 0 0 0 1 0 2 1 1 0 0 0/0 5:47 0:00 0:00
Scott Parse 0 1 1 -1 0 4 5 2 0 0 4/9 25:08 3:26 1:56
Taylor Doherty 0 0 0 0 0 0 0 0 0 0 0/0 0:00 0:00 0:00
Tom Pyatt 2 0 2 -2 0 3 1 0 1 0 17/37 19:18 3:26 0:22
Players Stats for Inferno
Player Name G A P +/- PIM S H SB GA TA FO MP PP MP PK MP
------------------------------------------------------------------------------------
Anders Lee 0 0 0 0 0 0 1 0 0 0 0/0 8:07 0:00 0:28
Beau Bennett 0 0 0 0 0 1 1 0 0 0 0/0 7:51 0:02 0:00
Brendan Mikkelson 0 0 0 0 0 2 2 2 0 0 0/0 28:32 2:24 3:51
Brian Boyle 0 0 0 0 0 1 2 0 0 0 3/7 11:24 0:00 1:43
Cal O'Reilly 0 0 0 0 2 2 1 0 0 0 1/2 6:40 0:00 0:00
Colby Robak 0 0 0 -1 0 0 1 4 0 1 0/0 16:27 0:00 2:14
David Savard 0 0 0 0 0 0 0 5 0 2 0/0 16:19 1:34 1:18
David Ullstrom 0 0 0 -3 0 2 1 1 0 0 1/1 16:07 1:50 0:00
Jonathan Ferland 3 0 3 2 0 5 3 0 0 0 2/4 21:56 2:06 1:43
Matt Kassian 0 0 0 0 0 1 1 0 0 0 0/0 12:10 0:02 0:57
Mikhail Grabovski 1 2 3 2 4 3 4 2 0 0 22/38 20:53 2:06 0:29
Pavel Vorobiev 0 0 0 0 0 4 4 2 0 0 0/0 10:06 0:02 0:00
Sami Vatanen 0 0 0 -1 0 1 0 1 0 2 0/0 21:40 1:34 2:14
Stephane Veilleux 0 3 3 2 0 5 3 0 3 0 0/0 23:34 2:06 3:25
Vladimir Sobotka 0 0 0 -3 0 1 1 0 0 1 7/13 19:09 1:50 3:25
Vladimir Zharkov 0 0 0 -3 0 1 1 1 1 0 0/0 15:54 1:50 0:00
Yannick Weber 0 0 0 0 2 0 1 1 1 0 0/0 24:17 2:24 2:33
Zach Redmond 0 0 0 0 0 1 0 0 0 1 0/0 12:45 0:00 0:00
3 Stars
1 - Jonathan Ferland (Anc)
2 - Stephane Veilleux (Anc)
3 - Mikhail Grabovski (Anc)
Power Play
Thunder - 1 on 4 Attempt(s) - 25,00%
Inferno - 0 on 2 Attempt(s) - 0,00%
Penalty Kill
Thunder - 2 on 2 Attempt(s) - 100,00%
- Score 0 goal in Penalty Kill
Inferno - 3 on 4 Attempt(s) - 75,00%
- Score 0 goal in Penalty Kill
Team Stat
Thunder - Hits : 21 - Faceoff Wins : 29 - Blocked Shots : 10 - Penalty Minutes : 4
Inferno - Hits : 27 - Faceoff Wins : 36 - Blocked Shots : 19 - Penalty Minutes : 8
Official
Referees : Peel Tim and Sutherland Kelly
Linesman : Mark Pare and Tony Sericolo
Game Notes
Michael Hutchinson enters game at 4:52 of 3rd period
Jonathan Ferland has scored a Hat Trick!
Finance
Level 1 -- Attendance: 1566 (78,30%) -- Ticket Income 54 810 $
Level 2 -- Attendance: 695 (69,50%) -- Ticket Income 10 425 $
Total Attendance: 2261 (75,37%)
Total Ticket Income: 65 235 $
Other Income: 3 262 $
Total Income: 68 497 $
Thunder
5 vs 5 Forward
Center Left Wing Right Wing Time % Phy DF OF
1 Tom Pyatt Scott Parse Adam Hall 40 1 2 2
2 Brandon Mashinter Dany Roussin Pierre-Alexandre Parentea30 1 2 2
3 Kelly Zajac Matt Martin David Clarkson 20 1 2 2
4 Scott Parse Carl Hagelin Robin Leblanc 10 1 2 2
5 vs 5 Defense
Defense Defense Time % Phy DF OF
1 Matt Generous Joey Ryan 40 1 2 2
2 David Fischer Brett Festerling 30 1 2 2
3 Mat Clark Colby Cohen 20 1 2 2
4 Dmitri Orlov Jesse Blacker 10 1 2 2
PowerPlay Forward
Center Left Wing Right Wing Time % Phy DF OF
1 Tom Pyatt Scott Parse Adam Hall 60 1 2 2
2 Brandon Mashinter Dany Roussin Pierre-Alexandre Parentea40 1 2 2
PowerPlay Defense
Defense Defense Time % Phy DF OF
1 Matt Generous Joey Ryan 60 1 2 2
2 David Fischer Brett Festerling 40 1 2 2
Penalty Kill 4 Players Forward
Center Wing Time % Phy DF OF
1 Scott Parse Adam Hall 60 1 2 2
2 Pierre-Alexandre ParenteaDany Roussin 40 1 2 2
Penalty Kill 4 Players Defense
Defense Defense Time % Phy DF OF
1 Matt Generous Joey Ryan 60 1 2 2
2 David Fischer Brett Festerling 40 1 2 2
Penalty Kill - 3 Players Forward
Forward Time % Phy DF OF
1 Scott Parse 60 1 2 2
2 Adam Hall 40 1 2 2
Penalty Kill - 3 Players Defense
Defense Defense Time % Phy DF OF
1 Matt Generous Joey Ryan 60 1 2 2
2 David Fischer Brett Festerling 40 1 2 2
4 vs 4 Forward
Center Wing Time % Phy DF OF
1 Scott Parse Adam Hall 60 1 2 2
2 Pierre-Alexandre ParenteaDany Roussin 40 1 2 2
4 vs 4 Defense
Defense Defense Time % Phy DF OF
1 Matt Generous Joey Ryan 60 1 2 2
2 David Fischer Brett Festerling 40 1 2 2
Last Minutes Offensive
Center Left Wing Right Wing Defense Defense
Tom Pyatt Scott Parse Adam Hall Matt Generous Joey Ryan
Last Minutes Defensive
Center Left Wing Right Wing Defense Defense
Tom Pyatt Scott Parse Adam Hall Matt Generous Joey Ryan
Goaltenders
Starting : Corey Crawford
Backup : Barry Brust
Extra Forwards
Normal : Jannik Hansen, Bobby Farnham, Casey Pierro-Zabotel - PP : Jannik Hansen, Bobby Farnham - PK : Casey Pierro-Zabotel
Extra Defensemen
Normal : Taylor Doherty, Derek Forbort, Mat Clark - PP : Taylor Doherty - PK : Derek Forbort, Mat Clark
Penalty Shots
Scott Parse, Adam Hall, Pierre-Alexandre Parenteau, Dany Roussin, Matt Martin
Inferno
5 vs 5 Forward
Center Left Wing Right Wing Time % Phy DF OF
1 Mikhail Grabovski Stephane Veilleux Jonathan Ferland 40 1 2 2
2 Vladimir Sobotka David Ullstrom Vladimir Zharkov 30 1 2 2
3 Brian Boyle Matt Kassian Pavel Vorobiev 20 1 2 2
4 Cal O'Reilly Anders Lee Beau Bennett 10 1 2 2
5 vs 5 Defense
Defense Defense Time % Phy DF OF
1 Brendan Mikkelson Yannick Weber 40 1 2 2
2 Colby Robak Sami Vatanen 30 1 2 2
3 David Savard Zach Redmond 20 1 2 2
4 Brendan Mikkelson Sami Vatanen 10 1 2 2
PowerPlay Forward
Center Left Wing Right Wing Time % Phy DF OF
1 Mikhail Grabovski Stephane Veilleux Jonathan Ferland 60 1 2 2
2 Vladimir Sobotka David Ullstrom Vladimir Zharkov 40 1 2 2
PowerPlay Defense
Defense Defense Time % Phy DF OF
1 Brendan Mikkelson Yannick Weber 60 1 2 2
2 David Savard Sami Vatanen 40 1 2 2
Penalty Kill 4 Players Forward
Center Wing Time % Phy DF OF
1 Vladimir Sobotka Stephane Veilleux 60 1 2 2
2 Brian Boyle Jonathan Ferland 40 1 2 2
Penalty Kill 4 Players Defense
Defense Defense Time % Phy DF OF
1 Brendan Mikkelson Yannick Weber 60 1 2 2
2 Colby Robak Sami Vatanen 40 1 2 2
Penalty Kill - 3 Players Forward
Forward Time % Phy DF OF
1 Mikhail Grabovski 60 1 2 2
2 Vladimir Sobotka 40 1 2 2
Penalty Kill - 3 Players Defense
Defense Defense Time % Phy DF OF
1 Brendan Mikkelson Yannick Weber 60 1 2 2
2 Colby Robak Sami Vatanen 40 1 2 2
4 vs 4 Forward
Center Wing Time % Phy DF OF
1 Mikhail Grabovski Stephane Veilleux 60 1 2 2
2 Vladimir Sobotka Jonathan Ferland 40 1 2 2
4 vs 4 Defense
Defense Defense Time % Phy DF OF
1 Brendan Mikkelson Yannick Weber 60 1 2 2
2 Colby Robak Sami Vatanen 40 1 2 2
Last Minutes Offensive
Center Left Wing Right Wing Defense Defense
Mikhail Grabovski Stephane Veilleux Jonathan Ferland Brendan Mikkelson Yannick Weber
Last Minutes Defensive
Center Left Wing Right Wing Defense Defense
Mikhail Grabovski Stephane Veilleux Jonathan Ferland Brendan Mikkelson Yannick Weber
Goaltenders
Starting : Josh Harding
Backup : Michael Hutchinson
Extra Forwards
Normal : Vladimir Sobotka, Vladimir Zharkov, Anders Lee - PP : Pavel Vorobiev, Matt Kassian - PK : Mikhail Grabovski
Extra Defensemen
Normal : Colby Robak, David Savard, Zach Redmond - PP : Sami Vatanen - PK : David Savard, Zach Redmond
Penalty Shots
Mikhail Grabovski, Vladimir Zharkov, Jonathan Ferland, Anders Lee, Stephane Veilleux
% Time on Ice - Thunder
Lines # - Real PCT - Wanted PCT - Time Play
Normal Forward
1 - 34% - 40% - 17:13
2 - 30% - 30% - 14:45
3 - 24% - 20% - 12:12
4 - 12% - 10% - 5:47
Normal Defense
1 - 35% - 40% - 17:39
2 - 28% - 30% - 14:07
3 - 23% - 20% - 11:32
4 - 13% - 10% - 6:39
PP Forward
1 - 57% - 60% - 3:28
2 - 43% - 40% - 2:37
PP Defense
1 - 60% - 60% - 3:39
2 - 40% - 40% - 2:26
PK Forward
1 - 85% - 60% - 3:22
2 - 15% - 40% - 0:36
PK Defense
1 - 69% - 60% - 2:44
2 - 31% - 40% - 1:14
PK3 Forward
1 - 0% - 60%
2 - 0% - 40%
PK3 Defense
1 - 0% - 60%
2 - 0% - 40%
44 Forward
1 - 0% - 60%
2 - 0% - 40%
44 Defense
1 - 0% - 60%
2 - 0% - 40%
Last Minute Offensive - 0:00
Last Minute Defensive - 0:00
Total
Forward - 60:00
Defense - 60:00
|
% Time on Ice - Inferno
Lines # - Real PCT - Wanted PCT - Time Play
Normal Forward
1 - 38% - 40% - 19:12
2 - 31% - 30% - 15:30
3 - 18% - 20% - 9:04
4 - 12% - 10% - 6:11
Normal Defense
1 - 39% - 40% - 19:20
2 - 30% - 30% - 14:55
3 - 26% - 20% - 12:45
4 - 6% - 10% - 2:57
PP Forward
1 - 54% - 60% - 2:08
2 - 46% - 40% - 1:50
PP Defense
1 - 61% - 60% - 2:24
2 - 39% - 40% - 1:34
PK Forward
1 - 72% - 60% - 4:22
2 - 28% - 40% - 1:43
PK Defense
1 - 63% - 60% - 3:51
2 - 37% - 40% - 2:14
PK3 Forward
1 - 0% - 60%
2 - 0% - 40%
PK3 Defense
1 - 0% - 60%
2 - 0% - 40%
44 Forward
1 - 0% - 60%
2 - 0% - 40%
44 Defense
1 - 0% - 60%
2 - 0% - 40%
Last Minute Offensive - 0:00
Last Minute Defensive - 0:00
Total
Forward - 60:00
Defense - 60:00
|
Play by Play
1st period
0:01 of 1st period - Tom Pyatt wins face-off versus Mikhail Grabovski in neutral zone.
0:16 of 1st period - Wrist shot by Stephane Veilleux.
0:16 of 1st period - Shot Blocked by Scott Parse.
0:26 of 1st period - Brendan Mikkelson is hit by Dany Roussin and loses puck.
0:31 of 1st period - Wrist shot by Pierre-Alexandre Parenteau.
0:31 of 1st period - Stopped by Josh Harding without a rebound.
0:32 of 1st period - Brian Boyle wins face-off versus Kelly Zajac in Inferno zone.
0:32 of 1st period - Brian Boyle is hit by Matt Martin.
0:40 of 1st period - Snap shot by Pavel Vorobiev.
0:40 of 1st period - Stopped by Corey Crawford with a rebound.
0:46 of 1st period - Wrist shot by Pavel Vorobiev.
0:46 of 1st period - Shot Misses the Net.
0:51 of 1st period - Icing by David Fischer.
0:52 of 1st period - Kelly Zajac wins face-off versus Cal O'Reilly in Thunder zone.
1:19 of 1st period - Snap shot by David Clarkson.
1:19 of 1st period - Shot Misses the Net.
1:35 of 1st period - Snap shot by Matt Martin.
1:35 of 1st period - Shot Blocked by David Savard.
1:45 of 1st period - Wrist shot by Matt Martin.
1:45 of 1st period - Stopped by Josh Harding without a rebound.
1:46 of 1st period - Tom Pyatt wins face-off versus Mikhail Grabovski in Inferno zone.
2:05 of 1st period - Icing by Tom Pyatt.
2:06 of 1st period - Tom Pyatt wins face-off versus Vladimir Sobotka in Thunder zone.
2:11 of 1st period - Wrist shot by Vladimir Sobotka.
2:11 of 1st period - Shot Misses the Net.
2:13 of 1st period - Slapshot by Yannick Weber.
2:13 of 1st period - Shot Blocked by Colby Cohen.
2:24 of 1st period - Off-side.
2:25 of 1st period - Brandon Mashinter wins face-off versus Mikhail Grabovski in neutral zone.
2:36 of 1st period - Joey Ryan is hit by Stephane Veilleux and loses puck.
3:30 of 1st period - Off-side.
3:31 of 1st period - Tom Pyatt wins face-off versus Jonathan Ferland in neutral zone.
3:50 of 1st period - Minor Penalty to Yannick Weber for Hooking.
3:51 of 1st period - Tom Pyatt wins face-off versus Vladimir Sobotka in Inferno zone.
4:04 of 1st period - Snap shot by Adam Hall.
4:04 of 1st period - Shot Misses the Net.
4:06 of 1st period - Snap shot by Adam Hall.
4:06 of 1st period - Stopped by Josh Harding without a rebound.
4:07 of 1st period - Vladimir Sobotka wins face-off versus Tom Pyatt in Inferno zone.
5:07 of 1st period - Icing by David Fischer.
5:08 of 1st period - Brian Boyle wins face-off versus Brandon Mashinter in Thunder zone.
5:34 of 1st period - Dany Roussin is hit by Stephane Veilleux and loses puck.
5:50 of 1st period - Penalty to Yannick Weber is over, Yannick Weber is back on ice.
6:03 of 1st period - David Clarkson is hit by Pavel Vorobiev and loses puck.
6:47 of 1st period - Snap shot by Vladimir Sobotka.
6:47 of 1st period - Stopped by Corey Crawford with a rebound.
7:07 of 1st period - Brandon Mashinter is hit by Jonathan Ferland and loses puck.
9:08 of 1st period - Snap shot by Brian Boyle.
9:08 of 1st period - Stopped by Corey Crawford with a rebound.
9:21 of 1st period - Off-side.
9:22 of 1st period - Mikhail Grabovski wins face-off versus Kelly Zajac in neutral zone.
9:48 of 1st period - Vladimir Sobotka is hit by Brandon Mashinter and loses puck.
9:53 of 1st period - Wrist shot by Pierre-Alexandre Parenteau.
9:53 of 1st period - Goal by Pierre-Alexandre Parenteau - Thunder : 1 - Inferno : 0.
9:54 of 1st period - Mikhail Grabovski wins face-off versus Scott Parse in neutral zone.
11:03 of 1st period - Matt Martin is hit by Beau Bennett and loses puck.
12:06 of 1st period - Wrist shot by David Clarkson.
12:06 of 1st period - Shot Blocked by Brendan Mikkelson.
12:08 of 1st period - Slapshot by Colby Cohen.
12:08 of 1st period - Shot Misses the Net.
12:10 of 1st period - Snap shot by David Clarkson.
12:10 of 1st period - Shot Misses the Net.
12:14 of 1st period - Wrist shot by David Clarkson.
12:14 of 1st period - Shot Misses the Net.
12:38 of 1st period - Slapshot by Yannick Weber.
12:38 of 1st period - Shot Misses the Net.
12:46 of 1st period - Slapshot by David Clarkson.
12:46 of 1st period - Shot Blocked by Brendan Mikkelson.
13:04 of 1st period - Mat Clark is hit by Vladimir Zharkov and loses puck.
13:23 of 1st period - Snap shot by Matt Martin.
13:23 of 1st period - Stopped by Josh Harding without a rebound.
13:24 of 1st period - Tom Pyatt wins face-off versus Mikhail Grabovski in Inferno zone.
13:54 of 1st period - Colby Robak is hit by David Fischer and loses puck.
14:03 of 1st period - Slapshot by Adam Hall.
14:03 of 1st period - Stopped by Josh Harding without a rebound.
14:04 of 1st period - Mikhail Grabovski wins face-off versus Brandon Mashinter in Inferno zone.
14:04 of 1st period - Mikhail Grabovski is hit by Dany Roussin.
14:18 of 1st period - Wrist shot by Jonathan Ferland.
14:18 of 1st period - Goal by Jonathan Ferland - Thunder : 1 - Inferno : 1.
14:19 of 1st period - Mikhail Grabovski wins face-off versus Tom Pyatt in neutral zone.
14:30 of 1st period - Matt Generous is hit by Mikhail Grabovski and loses puck.
15:04 of 1st period - Snap shot by Scott Parse.
15:04 of 1st period - Shot Blocked by David Savard.
15:06 of 1st period - Slapshot by Scott Parse.
15:06 of 1st period - Shot Misses the Net.
15:08 of 1st period - Snap shot by Robin Leblanc.
15:08 of 1st period - Shot Blocked by David Savard.
15:10 of 1st period - Snap shot by Robin Leblanc.
15:10 of 1st period - Shot Misses the Net.
15:20 of 1st period - Snap shot by Vladimir Zharkov.
15:20 of 1st period - Shot Misses the Net.
15:22 of 1st period - Snap shot by David Ullstrom.
15:22 of 1st period - Stopped by Corey Crawford with a rebound.
15:24 of 1st period - Slapshot by Zach Redmond.
15:24 of 1st period - Stopped by Corey Crawford with a rebound.
15:36 of 1st period - Jesse Blacker is hit by Jonathan Ferland.
15:58 of 1st period - Pierre-Alexandre Parenteau is hit by Brian Boyle and loses puck.
16:25 of 1st period - David Savard is hit by Brandon Mashinter and loses puck.
16:30 of 1st period - Wrist shot by Pierre-Alexandre Parenteau.
16:30 of 1st period - Shot Misses the Net.
16:32 of 1st period - Wrist shot by Dany Roussin.
16:32 of 1st period - Stopped by Josh Harding without a rebound.
16:33 of 1st period - Mikhail Grabovski wins face-off versus Tom Pyatt in Inferno zone.
16:33 of 1st period - Mikhail Grabovski is hit by Scott Parse.
16:39 of 1st period - Snap shot by Mikhail Grabovski.
16:39 of 1st period - Shot Misses the Net.
16:41 of 1st period - Snap shot by Stephane Veilleux.
16:41 of 1st period - Shot Blocked by David Fischer.
16:43 of 1st period - Wrist shot by Mikhail Grabovski.
16:43 of 1st period - Shot Blocked by David Fischer.
16:45 of 1st period - Slapshot by Sami Vatanen.
16:45 of 1st period - Stopped by Corey Crawford without a rebound.
16:46 of 1st period - Tom Pyatt wins face-off versus Mikhail Grabovski in Thunder zone.
16:46 of 1st period - Tom Pyatt is hit by Stephane Veilleux.
17:33 of 1st period - Wrist shot by Carl Hagelin.
17:33 of 1st period - Deflect By Scott Parse.
17:33 of 1st period - Shot Misses the Net.
17:33 of 1st period - Puck is out of play.
17:34 of 1st period - Scott Parse wins face-off versus Brian Boyle in Inferno zone.
17:35 of 1st period - Snap shot by Carl Hagelin.
17:35 of 1st period - Shot Misses the Net.
17:43 of 1st period - Wrist shot by Pavel Vorobiev.
17:43 of 1st period - Stopped by Corey Crawford without a rebound.
17:44 of 1st period - Mikhail Grabovski wins face-off versus Tom Pyatt in Thunder zone.
17:45 of 1st period - Slapshot by Stephane Veilleux.
17:45 of 1st period - Deflect By Jonathan Ferland.
17:45 of 1st period - Shot Blocked by Joey Ryan.
17:45 of 1st period - Puck is out of play.
17:46 of 1st period - Mikhail Grabovski wins face-off versus Tom Pyatt in Thunder zone.
17:47 of 1st period - Wrist shot by Stephane Veilleux.
17:47 of 1st period - Shot Misses the Net.
17:49 of 1st period - Wrist shot by Mikhail Grabovski.
17:49 of 1st period - Shot Blocked by Adam Hall.
17:51 of 1st period - Slapshot by Jonathan Ferland.
17:51 of 1st period - Shot Blocked by Joey Ryan.
17:55 of 1st period - Wrist shot by Stephane Veilleux.
17:55 of 1st period - Stopped by Corey Crawford without a rebound.
17:56 of 1st period - Mikhail Grabovski wins face-off versus Tom Pyatt in Thunder zone.
18:02 of 1st period - Minor Penalty to Joey Ryan for Holding.
18:03 of 1st period - Mikhail Grabovski wins face-off versus Scott Parse in Thunder zone.
18:17 of 1st period - Scott Parse is hit by Mikhail Grabovski and loses puck.
19:10 of 1st period - Dany Roussin is hit by Mikhail Grabovski and loses puck.
Goals for this period are 1 for Thunder vs 1 for Inferno.
Shots for this period are 7 for Thunder vs 9 for Inferno.
2nd period
0:01 of 2nd period - Mikhail Grabovski wins face-off versus Scott Parse in neutral zone.
0:02 of 2nd period - Penalty to Joey Ryan is over, Joey Ryan is back on ice.
0:06 of 2nd period - Wrist shot by Stephane Veilleux.
0:06 of 2nd period - Stopped by Corey Crawford without a rebound.
0:07 of 2nd period - Scott Parse wins face-off versus Mikhail Grabovski in Thunder zone.
0:11 of 2nd period - Off-side.
0:12 of 2nd period - Mikhail Grabovski wins face-off versus Tom Pyatt in neutral zone.
0:17 of 2nd period - Wrist shot by Mikhail Grabovski.
0:17 of 2nd period - Goal by Mikhail Grabovski - Thunder : 1 - Inferno : 2.
0:18 of 2nd period - Mikhail Grabovski wins face-off versus Tom Pyatt in neutral zone.
0:43 of 2nd period - Matt Generous is hit by Brendan Mikkelson and loses puck.
0:55 of 2nd period - Pavel Vorobiev is hit by Pierre-Alexandre Parenteau.
1:14 of 2nd period - Wrist shot by David Clarkson.
1:14 of 2nd period - Goal by David Clarkson - Thunder : 2 - Inferno : 2.
1:15 of 2nd period - Tom Pyatt wins face-off versus Mikhail Grabovski in neutral zone.
1:18 of 2nd period - Mikhail Grabovski is hit by Scott Parse and loses puck.
1:49 of 2nd period - Wrist shot by Pierre-Alexandre Parenteau.
1:49 of 2nd period - Deflect By Brandon Mashinter.
1:49 of 2nd period - Stopped by Josh Harding with a rebound.
1:51 of 2nd period - Wrist shot by Pierre-Alexandre Parenteau.
1:51 of 2nd period - Stopped by Josh Harding without a rebound.
1:52 of 2nd period - Tom Pyatt wins face-off versus Mikhail Grabovski in Inferno zone.
1:53 of 2nd period - Wrist shot by Adam Hall.
1:53 of 2nd period - Stopped by Josh Harding with a rebound.
2:01 of 2nd period - Brendan Mikkelson is hit by Brett Festerling and loses puck.
2:22 of 2nd period - Snap shot by Dany Roussin.
2:22 of 2nd period - Stopped by Josh Harding with a rebound.
2:35 of 2nd period - Icing by Dany Roussin.
2:36 of 2nd period - Brandon Mashinter wins face-off versus Brian Boyle in Thunder zone.
2:36 of 2nd period - Brandon Mashinter is hit by Pavel Vorobiev.
2:52 of 2nd period - Slapshot by Adam Hall.
2:52 of 2nd period - Shot Blocked by Colby Robak.
3:02 of 2nd period - Wrist shot by Pavel Vorobiev.
3:02 of 2nd period - Stopped by Corey Crawford with a rebound.
3:04 of 2nd period - Wrist shot by Mikhail Grabovski.
3:04 of 2nd period - Deflect By Stephane Veilleux.
3:04 of 2nd period - Shot Misses the Net.
3:04 of 2nd period - Puck is out of play.
3:05 of 2nd period - Mikhail Grabovski wins face-off versus Kelly Zajac in Thunder zone.
3:12 of 2nd period - Mikhail Grabovski is hit by Matt Martin and loses puck.
3:28 of 2nd period - Wrist shot by Brendan Mikkelson.
3:28 of 2nd period - Stopped by Corey Crawford without a rebound.
3:29 of 2nd period - David Ullstrom wins face-off versus Tom Pyatt in Thunder zone.
3:33 of 2nd period - Icing by David Fischer.
3:34 of 2nd period - Vladimir Sobotka wins face-off versus Tom Pyatt in Thunder zone.
3:39 of 2nd period - Slapshot by Vladimir Zharkov.
3:39 of 2nd period - Shot Misses the Net.
3:52 of 2nd period - Sami Vatanen is hit by Tom Pyatt and loses puck.
4:01 of 2nd period - Wrist shot by Adam Hall.
4:01 of 2nd period - Deflect By Tom Pyatt.
4:01 of 2nd period - Shot Blocked by David Ullstrom.
4:01 of 2nd period - Puck is out of play.
4:02 of 2nd period - Mikhail Grabovski wins face-off versus Brandon Mashinter in Inferno zone.
4:02 of 2nd period - Mikhail Grabovski is hit by Pierre-Alexandre Parenteau.
4:14 of 2nd period - Snap shot by Stephane Veilleux.
4:14 of 2nd period - Stopped by Corey Crawford without a rebound.
4:15 of 2nd period - Tom Pyatt wins face-off versus Mikhail Grabovski in Thunder zone.
4:20 of 2nd period - Slapshot by Joey Ryan.
4:20 of 2nd period - Shot Misses the Net.
5:22 of 2nd period - Icing by David Fischer.
5:23 of 2nd period - Cal O'Reilly wins face-off versus Scott Parse in Thunder zone.
5:30 of 2nd period - Slapshot by Beau Bennett.
5:30 of 2nd period - Deflect By Cal O'Reilly.
5:30 of 2nd period - Stopped by Corey Crawford with a rebound.
5:32 of 2nd period - Snap shot by David Savard.
5:32 of 2nd period - Shot Blocked by Robin Leblanc.
6:00 of 2nd period - Snap shot by Pierre-Alexandre Parenteau.
6:00 of 2nd period - Shot Misses the Net.
6:22 of 2nd period - Icing by Zach Redmond.
6:23 of 2nd period - Dany Roussin wins face-off versus Mikhail Grabovski in Inferno zone.
6:58 of 2nd period - Off-side.
6:59 of 2nd period - Vladimir Sobotka wins face-off versus Adam Hall in neutral zone.
7:24 of 2nd period - Joey Ryan is hit by Brian Boyle and loses puck.
7:30 of 2nd period - Off-side.
7:31 of 2nd period - Brian Boyle wins face-off versus Tom Pyatt in neutral zone.
7:34 of 2nd period - Adam Hall is hit by Colby Robak.
7:37 of 2nd period - Off-side.
7:38 of 2nd period - Tom Pyatt wins face-off versus Vladimir Sobotka in neutral zone.
8:09 of 2nd period - Snap shot by Stephane Veilleux.
8:09 of 2nd period - Deflect By Jonathan Ferland.
8:09 of 2nd period - Shot Misses the Net.
8:09 of 2nd period - Puck is out of play.
8:10 of 2nd period - Tom Pyatt wins face-off versus Mikhail Grabovski in Thunder zone.
8:21 of 2nd period - Wrist shot by Jonathan Ferland.
8:21 of 2nd period - Goal by Jonathan Ferland - Thunder : 2 - Inferno : 3.
8:22 of 2nd period - Tom Pyatt wins face-off versus Jonathan Ferland in neutral zone.
8:54 of 2nd period - Wrist shot by Brandon Mashinter.
8:54 of 2nd period - Stopped by Josh Harding with a rebound.
9:02 of 2nd period - Snap shot by Brendan Mikkelson.
9:02 of 2nd period - Deflect By Vladimir Sobotka.
9:02 of 2nd period - Shot Misses the Net.
9:02 of 2nd period - Puck is out of play.
9:03 of 2nd period - Kelly Zajac wins face-off versus Brian Boyle in Thunder zone.
9:03 of 2nd period - Kelly Zajac is hit by Matt Kassian.
9:29 of 2nd period - Stephane Veilleux is hit by Scott Parse and loses puck.
9:34 of 2nd period - Snap shot by Adam Hall.
9:34 of 2nd period - Shot Blocked by Colby Robak.
9:36 of 2nd period - Backhand shot by Matt Generous.
9:36 of 2nd period - Shot Blocked by Colby Robak.
9:38 of 2nd period - Snap shot by Adam Hall.
9:38 of 2nd period - Shot Misses the Net.
9:48 of 2nd period - Wrist shot by Dany Roussin.
9:48 of 2nd period - Stopped by Josh Harding with a rebound.
9:50 of 2nd period - Wrist shot by Dany Roussin.
9:50 of 2nd period - Deflect By Vladimir Zharkov.
9:50 of 2nd period - Goal by Dany Roussin - Thunder : 3 - Inferno : 3.
9:51 of 2nd period - Tom Pyatt wins face-off versus Mikhail Grabovski in neutral zone.
9:56 of 2nd period - Wrist shot by Tom Pyatt.
9:56 of 2nd period - Goal by Tom Pyatt - Thunder : 4 - Inferno : 3.
9:57 of 2nd period - Tom Pyatt wins face-off versus Mikhail Grabovski in neutral zone.
10:00 of 2nd period - Snap shot by Adam Hall.
10:00 of 2nd period - Shot Misses the Net.
10:02 of 2nd period - Slapshot by Joey Ryan.
10:02 of 2nd period - Stopped by Josh Harding with a rebound.
10:04 of 2nd period - Snap shot by Tom Pyatt.
10:04 of 2nd period - Stopped by Josh Harding without a rebound.
10:05 of 2nd period - Tom Pyatt wins face-off versus Mikhail Grabovski in Inferno zone.
10:06 of 2nd period - Slapshot by Adam Hall.
10:06 of 2nd period - Shot Blocked by Mikhail Grabovski.
10:08 of 2nd period - Snap shot by Scott Parse.
10:08 of 2nd period - Shot Blocked by Mikhail Grabovski.
11:24 of 2nd period - Scott Parse is hit by Anders Lee and loses puck.
11:31 of 2nd period - Beau Bennett is hit by Scott Parse and loses puck.
11:38 of 2nd period - Snap shot by Carl Hagelin.
11:38 of 2nd period - Shot Blocked by Yannick Weber.
11:40 of 2nd period - Slapshot by Mat Clark.
11:40 of 2nd period - Deflect By Robin Leblanc.
11:40 of 2nd period - Stopped by Josh Harding with a rebound.
11:48 of 2nd period - Snap shot by Scott Parse.
11:48 of 2nd period - Stopped by Josh Harding with a rebound.
11:58 of 2nd period - Slapshot by Scott Parse.
11:58 of 2nd period - Stopped by Josh Harding without a rebound.
11:59 of 2nd period - Jonathan Ferland wins face-off versus Brandon Mashinter in Inferno zone.
11:59 of 2nd period - Jonathan Ferland is hit by Pierre-Alexandre Parenteau.
12:32 of 2nd period - Wrist shot by Vladimir Zharkov.
12:32 of 2nd period - Stopped by Corey Crawford with a rebound.
12:34 of 2nd period - Snap shot by David Ullstrom.
12:34 of 2nd period - Stopped by Corey Crawford with a rebound.
12:54 of 2nd period - Snap shot by Pavel Vorobiev.
12:54 of 2nd period - Stopped by Corey Crawford with a rebound.
13:27 of 2nd period - Vladimir Sobotka is hit by Scott Parse.
13:43 of 2nd period - Slapshot by Cal O'Reilly.
13:43 of 2nd period - Stopped by Corey Crawford with a rebound.
14:39 of 2nd period - Colby Robak is hit by David Clarkson and loses puck.
14:54 of 2nd period - Snap shot by Pierre-Alexandre Parenteau.
14:54 of 2nd period - Stopped by Josh Harding with a rebound.
14:56 of 2nd period - Snap shot by Dany Roussin.
14:56 of 2nd period - Stopped by Josh Harding with a rebound.
15:35 of 2nd period - Slapshot by Stephane Veilleux.
15:35 of 2nd period - Deflect By Mikhail Grabovski.
15:35 of 2nd period - Shot Misses the Net.
15:35 of 2nd period - Puck is out of play.
15:36 of 2nd period - Mikhail Grabovski wins face-off versus Scott Parse in Thunder zone.
15:44 of 2nd period - Off-side.
15:45 of 2nd period - Mikhail Grabovski wins face-off versus Brandon Mashinter in neutral zone.
17:12 of 2nd period - Colby Cohen is hit by Jonathan Ferland and loses puck.
17:23 of 2nd period - Snap shot by Stephane Veilleux.
17:23 of 2nd period - Shot Misses the Net.
17:25 of 2nd period - Snap shot by Mikhail Grabovski.
17:25 of 2nd period - Stopped by Corey Crawford with a rebound.
17:53 of 2nd period - Snap shot by Jonathan Ferland.
17:53 of 2nd period - Stopped by Corey Crawford with a rebound.
17:55 of 2nd period - Slapshot by Jonathan Ferland.
17:55 of 2nd period - Stopped by Corey Crawford with a rebound.
17:59 of 2nd period - Wrist shot by Mikhail Grabovski.
17:59 of 2nd period - Shot Blocked by Brandon Mashinter.
18:01 of 2nd period - Snap shot by Stephane Veilleux.
18:01 of 2nd period - Stopped by Corey Crawford with a rebound.
18:03 of 2nd period - Snap shot by Mikhail Grabovski.
18:03 of 2nd period - Stopped by Corey Crawford with a rebound.
18:05 of 2nd period - Snap shot by Stephane Veilleux.
18:05 of 2nd period - Stopped by Corey Crawford without a rebound.
18:06 of 2nd period - Adam Hall wins face-off versus Vladimir Sobotka in Thunder zone.
18:12 of 2nd period - Scott Parse is hit by Vladimir Sobotka and loses puck.
19:21 of 2nd period - Slapshot by Carl Hagelin.
19:21 of 2nd period - Shot Misses the Net.
19:23 of 2nd period - Wrist shot by Robin Leblanc.
19:23 of 2nd period - Shot Misses the Net.
19:25 of 2nd period - Slapshot by Brett Festerling.
19:25 of 2nd period - Shot Blocked by Vladimir Zharkov.
19:27 of 2nd period - Slapshot by David Fischer.
19:27 of 2nd period - Shot Blocked by David Savard.
19:30 of 2nd period - Icing by Vladimir Zharkov.
19:31 of 2nd period - Vladimir Sobotka wins face-off versus Kelly Zajac in Inferno zone.
19:35 of 2nd period - Off-side.
19:36 of 2nd period - Vladimir Sobotka wins face-off versus Kelly Zajac in neutral zone.
Goals for this period are 3 for Thunder vs 2 for Inferno.
Shots for this period are 16 for Thunder vs 17 for Inferno.
3rd period
0:01 of 3rd period - Mikhail Grabovski wins face-off versus Tom Pyatt in neutral zone.
0:57 of 3rd period - Snap shot by Matt Martin.
0:57 of 3rd period - Shot Blocked by Colby Robak.
1:15 of 3rd period - Scott Parse is hit by Cal O'Reilly.
2:15 of 3rd period - Slapshot by Carl Hagelin.
2:15 of 3rd period - Shot Misses the Net.
2:26 of 3rd period - David Savard is hit by Robin Leblanc and loses puck.
2:39 of 3rd period - Wrist shot by Mikhail Grabovski.
2:39 of 3rd period - Shot Hit the Post.
2:45 of 3rd period - David Savard is hit by Brandon Mashinter and loses puck.
2:56 of 3rd period - Slapshot by Beau Bennett.
2:56 of 3rd period - Stopped by Corey Crawford with a rebound.
3:21 of 3rd period - Wrist shot by Vladimir Sobotka.
3:21 of 3rd period - Shot Misses the Net.
3:28 of 3rd period - Icing by Adam Hall.
3:29 of 3rd period - Jonathan Ferland wins face-off versus Tom Pyatt in Thunder zone.
4:26 of 3rd period - Pierre-Alexandre Parenteau is hit by Yannick Weber and loses puck.
4:36 of 3rd period - Icing by Joey Ryan.
4:37 of 3rd period - Scott Parse wins face-off versus Mikhail Grabovski in Thunder zone.
4:52 of 3rd period - Wrist shot by Carl Hagelin.
4:52 of 3rd period - Goal by Carl Hagelin - Thunder : 5 - Inferno : 3.
4:52 of 3rd period - Michael Hutchinson enters game.
4:53 of 3rd period - Mikhail Grabovski wins face-off versus Tom Pyatt in neutral zone.
5:47 of 3rd period - Snap shot by Brian Boyle.
5:47 of 3rd period - Deflect By Matt Kassian.
5:47 of 3rd period - Stopped by Corey Crawford without a rebound.
5:48 of 3rd period - Mikhail Grabovski wins face-off versus Tom Pyatt in Thunder zone.
6:01 of 3rd period - Snap shot by Jonathan Ferland.
6:01 of 3rd period - Goal by Jonathan Ferland - Thunder : 5 - Inferno : 4.
6:02 of 3rd period - Mikhail Grabovski wins face-off versus Tom Pyatt in neutral zone.
6:14 of 3rd period - Minor Penalty to Matt Generous for Hooking.
6:15 of 3rd period - Scott Parse wins face-off versus Mikhail Grabovski in Thunder zone.
6:28 of 3rd period - Snap shot by Stephane Veilleux.
6:28 of 3rd period - Shot Blocked by Scott Parse.
8:14 of 3rd period - Penalty to Matt Generous is over, Matt Generous is back on ice.
8:37 of 3rd period - Snap shot by Scott Parse.
8:37 of 3rd period - Stopped by Michael Hutchinson with a rebound.
8:39 of 3rd period - Slapshot by Matt Generous.
8:39 of 3rd period - Stopped by Michael Hutchinson with a rebound.
8:41 of 3rd period - Slapshot by Matt Generous.
8:41 of 3rd period - Stopped by Michael Hutchinson with a rebound.
8:43 of 3rd period - Snap shot by Scott Parse.
8:43 of 3rd period - Shot Misses the Net.
8:45 of 3rd period - Backhand shot by Scott Parse.
8:45 of 3rd period - Stopped by Michael Hutchinson with a rebound.
8:47 of 3rd period - Snap shot by Scott Parse.
8:47 of 3rd period - Shot Blocked by Pavel Vorobiev.
8:49 of 3rd period - Wrist shot by Matt Generous.
8:49 of 3rd period - Shot Blocked by David Savard.
8:51 of 3rd period - Wrist shot by Adam Hall.
8:51 of 3rd period - Shot Blocked by Pavel Vorobiev.
8:53 of 3rd period - Snap shot by Scott Parse.
8:53 of 3rd period - Shot Blocked by Sami Vatanen.
8:55 of 3rd period - Wrist shot by Matt Generous.
8:55 of 3rd period - Stopped by Michael Hutchinson without a rebound.
8:56 of 3rd period - Brandon Mashinter wins face-off versus Vladimir Sobotka in Inferno zone.
9:25 of 3rd period - Wrist shot by Matt Martin.
9:25 of 3rd period - Stopped by Michael Hutchinson with a rebound.
9:37 of 3rd period - Colby Cohen is hit by Mikhail Grabovski and loses puck.
9:56 of 3rd period - Snap shot by Robin Leblanc.
9:56 of 3rd period - Stopped by Michael Hutchinson with a rebound.
10:10 of 3rd period - Snap shot by Vladimir Sobotka.
10:10 of 3rd period - Shot Misses the Net.
10:12 of 3rd period - Snap shot by Pavel Vorobiev.
10:12 of 3rd period - Shot Misses the Net.
10:31 of 3rd period - Minor Penalty to Mikhail Grabovski for Roughing.
10:32 of 3rd period - Vladimir Sobotka wins face-off versus Tom Pyatt in Inferno zone.
10:39 of 3rd period - Snap shot by Tom Pyatt.
10:39 of 3rd period - Goal by Tom Pyatt - Thunder : 6 - Inferno : 4.
10:40 of 3rd period - Mikhail Grabovski wins face-off versus Tom Pyatt in neutral zone.
11:05 of 3rd period - Brandon Mashinter is hit by David Ullstrom and loses puck.
11:16 of 3rd period - Snap shot by Dany Roussin.
11:16 of 3rd period - Stopped by Michael Hutchinson without a rebound.
11:17 of 3rd period - Mikhail Grabovski wins face-off versus Tom Pyatt in Inferno zone.
11:19 of 3rd period - Minor Penalty to Mikhail Grabovski for High sticking.
11:20 of 3rd period - Tom Pyatt wins face-off versus Vladimir Sobotka in Inferno zone.
12:52 of 3rd period - Brandon Mashinter is hit by Brendan Mikkelson and loses puck.
13:19 of 3rd period - Penalty to Mikhail Grabovski is over, Mikhail Grabovski is back on ice.
13:25 of 3rd period - Slapshot by Brendan Mikkelson.
13:25 of 3rd period - Stopped by Corey Crawford without a rebound.
13:26 of 3rd period - Jannik Hansen wins face-off versus Brian Boyle in Thunder zone.
13:26 of 3rd period - Jannik Hansen is hit by Pavel Vorobiev.
13:49 of 3rd period - Minor Penalty to Cal O'Reilly for Interference.
13:50 of 3rd period - Vladimir Sobotka wins face-off versus Tom Pyatt in Inferno zone.
15:49 of 3rd period - Penalty to Cal O'Reilly is over, Cal O'Reilly is back on ice.
18:34 of 3rd period - Vladimir Sobotka is hit by Pierre-Alexandre Parenteau and loses puck.
19:32 of 3rd period - Scott Parse is hit by Pavel Vorobiev and loses puck.
Goals for this period are 2 for Thunder vs 1 for Inferno.
Shots for this period are 10 for Thunder vs 4 for Inferno.
Output by the SimonT Hockey Simulator (STHS) for François Prévost -- Original Page W3C XHTML 1.0 Valid